 Dungeon Crawl Stone Soup version 0.31-a0-1074-g0b22e4e0f1 (webtiles) character file.

Game seed: 4919011805140525993

164 grandjackal the Ruffian (level 5, -2/47 HPs)
             Began as a Ghoul Monk on Dec 1, 2023.
             Slain by an orc warrior
             ... wielding a +0 mace
              (11 damage)
             ... on level 3 of the Dungeon.
             The game lasted 00:02:18 (1903 turns).

grandjackal the Ruffian (Ghoul Monk)                Turns: 1903, Time: 00:02:18

Health: -2/47      AC:  5    Str: 15      XL:     5   Next: 45%
Magic:  4/4        EV: 11    Int: 10 (11) God:
Gold:   168        SH:  0    Dex: 11      Spells: 4/4 levels left

rFire   . .          .
                       - Unarmed
rCold   + . .        c - orb {light}
rNeg    + + +        k - +0 ring mail
rPois   ∞            (no helmet)
rElec   .            (no cloak)
rCorr   .            (no gloves)
SInv    .            (no boots)
Will    .....        (no amulet) Stlth
                     o - ring of wizardry
HPRegen 0.00/turn    (no ring)
MPRegen 0.09/turn

%: wizardry (x1)
@: mighty, brilliant, attractive, inhibited regen, glowing
A: claws 1, cold resistance 1, negative energy resistance 3, inhibited
regeneration, torment resistance 2, devour on kill
a: no special abilities


You were on level 3 of the Dungeon.
You visited 1 branch of the dungeon, and saw 3 of its levels.

You collected 168 gold pieces.

Inventory:

Missiles
 a - 2 silver javelins
Armour
 c - an orb of light (worn)
 k - a +0 ring mail (worn)
Jewellery
 o - a ring of wizardry (left claw)
Scrolls
 e - 2 scrolls of identify {unknown}
 f - a scroll of blinking {unknown}
 m - a scroll of fear {unknown}
 n - a scroll of vulnerability {unknown}
Potions
 b - a potion of ambrosia
 g - a potion of might
 i - a potion of degeneration {unknown}


   Skills:
 + Level 4.9 Fighting
 - Level 3.3 Dodging
 + Level 4.9 Unarmed Combat


You had 4 spell levels left.
You didn't know any spells.
Your spell library was empty.

Dungeon Overview and Level Annotations

Branches:
Dungeon (3/15)

Altars:
Okawaru
Wu Jian


Innate Abilities, Weirdness & Mutations

You are immune to poison.
You have sharp fingernails.
Your flesh is cold resistant. (rC+)
You are immune to negative energy. (rN+++)
You do not regenerate when monsters are visible.
You are immune to unholy pain and torment.
You thrive by killing the living.


Message History

The orc wizard hits you with a +0 dagger.
It was a potion of attraction.
You feel attractive to monsters. The orc wizard closely misses you.
The orc warrior is attracted toward you.
It was a potion of mutation.
You feel extremely strange.
Your body decomposes!
You feel dopey.
The orc wizard hits you but does no damage.
It was a potion of might.
You feel very mighty all of a sudden.
The orc wizard points at you and mumbles some strange words.
You are confused.
You claw the orc wizard!
The orc wizard is severely wounded.
The orc priest mumbles some strange prayers to Beogh against you.
Beogh smites you! The orc wizard barely misses you.
You mangle the orc wizard!!
You kill the orc wizard!
You feel better.
The orc priest looks encouraged for a moment.
The orc priest is attracted toward you.
The orc warrior is attracted toward you.
The orc is attracted toward you.
You bump into the rock wall.
You scratch the orc warrior.
The orc warrior is lightly wounded.
You bump into the rock wall.
The orc warrior closely misses you.
You're too confused to move!
You feel less confused.
The orc warrior hits you with a +0 mace!
You barely miss the orc warrior.
The orc warrior is lightly wounded.
The orc priest calls upon Beogh to heal the orc warrior.
The orc warrior's wounds heal themselves!
The orc warrior hits you with a +0 mace!
* * * LOW HITPOINT WARNING * * *
You barely miss the orc warrior.
The orc warrior hits you with a +0 mace!
You die...

### ### ### ### #.#
#.###.######.# #.# #.......#....#
#.. ....# #....#.#
#.########.#.#.###..#.#
#.#...@oooo..#.....<#.#
#.#.######.#.#.######.#
###########.#.#..................
............#.#.####...#.######.)
##.###........# .o...! #...†
##.........#..# ....... #.#..
##..#......#..# ..o..#.#.##.##.
##....####.#..# .....#.. ......
###.#.## #.#..# #.....# #.#..#..


You could see an orc warrior, an orc priest and 2 orcs.

Vanquished Creatures
  Jessica (D:2)
  An orc wizard (D:3)
  3 adders
  A worm (D:2)
  A dart slug (D:1)
  5 ball pythons
  6 endoplasms
  2 giant cockroaches
  9 goblins
  4 hobgoblins
  14 jackals
  9 kobolds
  4 quokkas
  6 bats
  4 frilled lizards (D:1)
  4 rats
74 creatures vanquished.

Notes
Turn   | Place    | Note
-------+----------+-------------------------------------------
     0 | D:1      | grandjackal the Ghoul Monk began the quest for the Orb.
     0 | D:1      | Reached XP level 1. HP: 19/19 MP: 0/0
   212 | D:1      | Reached XP level 2. HP: 26/26 MP: 1/1
   531 | D:1      | Reached XP level 3. HP: 29/33 MP: 2/2
  1112 | D:2      | Reached XP level 4. HP: 36/40 MP: 3/3
  1268 | D:2      | Noticed Jessica
  1276 | D:2      | Killed Jessica
  1277 | D:2      | Reached XP level 5. HP: 47/47 MP: 4/4
  1652 | D:3      | Found an iron altar of Okawaru.
  1831 | D:3      | Found an ornate altar of the Wu Jian Council.
  1885 | D:3      | Noticed an orc warrior
  1903 | D:3      | Slain by an orc warrior

Illustrated notes

Levels and vault maps discovered:
D:1:      minmay_arrival_four_houses, layout_basic,
          wander_ebering_terrifying_dragon_lair
D:2:      layout_basic, uniq_jessica
D:3:      layout_basic, mainiacjoe_overflow_chevrons,
          nicolae_uskayaw_dance_hall, nzn_wu_jian_council_hall,
          basic_ecumenical_altar, chequers_decorated_corner

Skill      XL: |  1  2  3 |
---------------+----------+-----
Dodging        | 3 |  3.3
Fighting       | 4 |  4.9
Unarmed Combat | 4 |  4.9

Action                     |  1- 3 |  4- 6 || total
---------------------------+-------+-------++-------
  Melee: Unarmed           |   121 |    89 ||   210
    Use: Potion            |       |     5 ||     5
 Armour: Robe              |    55 |     1 ||    56
         Ring mail         |       |    55 ||    55
  Dodge: Dodged            |    62 |    49 ||   111

Table legend: (Time is in decaauts)
 A = Elapsed time spent in this place.
 B = Non-inter-level travel time spent in this place.
 C = Inter-level travel time spent in this place.
 D = Time resting spent in this place.
 E = Time spent auto-exploring this place.
 F = Levels seen in this place.
 G = Mean time per level.
                   A        B        C        D        E       F      G
               +--------+--------+--------+--------+--------+-----+--------+
         Total |   1886 |   1868 |     18 |     10 |   1434 |   3 |  628.7 |
       Dungeon |   1886 |   1868 |     18 |     10 |   1434 |   3 |  628.7 |
               +--------+--------+--------+--------+--------+-----+--------+

Top non-repeatable levels by time:
     D:1: 938 daAuts
     D:2: 689 daAuts
     D:3: 259 daAuts
